 Dungeon Crawl Stone Soup version 0.29-a0-542-g075992c915 (webtiles) character file.

Game seed: 4594598493178912803

44 spiderkeys the Ducker (level 3, -3/22 HPs)
             Began as a Deep Elf Abyssal Knight on June 5, 2022.
             Was a Believer of Lugonu.
             Engulfed by a cloud of poison gas (5 damage)
             ... on level 2 of the Dungeon.
             The game lasted 00:04:28 (1575 turns).

spiderkeys the Ducker (Deep Elf Abyssal Knight)     Turns: 1575, Time: 00:04:29

Health: -3/22      AC:  7    Str: 10    XL:     3   Next: 39%
Magic:  3/7        EV: 11    Int: 16    God:    Lugonu [**....]
Gold:   116        SH:  0    Dex: 15    Spells: 3/4 levels left

rFire   . . .      SeeInvis .   a - +1 falchion
rCold   . . .      Faith    .   (no shield)
rNeg    . . .      Spirit   .   p - +0 ring mail
rPois   .          Reflect  .   (no helmet)
rElec   .          Harm     .   h - +0 cloak
rCorr   .          Rampage  .   q - +0 pair of gloves
Will    .....                   (no boots)
Stlth   +.........              (no amulet)
HPRegen 0.07/turn               (no ring)
MPRegen 0.10/turn               (no ring)

@: lethally poisoned (-3 -> -22)
A: no striking features
a: Renounce Religion, Depart the Abyss, Bend Space


You were on level 2 of the Dungeon.
You worshipped Lugonu.
Lugonu was pleased with you.
You visited 1 branch of the dungeon, and saw 2 of its levels.
You visited the Abyss 1 time.

You collected 116 gold pieces.


   Skills:
 + Level 2.7 Fighting
 + Level 2.1 Long Blades
 - Level 1.0 Armour
 + Level 3.0 Dodging
 + Level 1.4 Spellcasting
 + Level 2.4 Invocations


You had 3 spell levels left.
You knew the following spells:

 Your Spells              Type           Power      Damage    Failure   Level
m - Magic Dart            Conj           4%         1d3       50%         1

Your spell library contained the following spells:

 Spells                   Type           Power      Damage    Failure   Level
 Call Imp                 Summ           1%         N/A       63%         2
 Mephitic Cloud           Conj/Pois/Air  1%         N/A       86%         3
 Ozocubu's Armour         Ice            1%         N/A       86%         3
 Ozocubu's Refrigeration  Ice            0%         4d5       100%        7

Inventory:

Hand Weapons
 a - a +1 falchion (weapon)
 f - a +0 quarterstaff
   (You found it on level 1 of the Dungeon)
Missiles
 l - 39 stones
 m - 6 datura-tipped darts
Armour
 b - a +0 leather armour
 h - a +0 cloak (worn)
   (You found it on level 1 of the Dungeon)
 j - a +0 robe
   (You found it on level 1 of the Dungeon)
 p - a +0 ring mail (worn)
   (You found it on level 2 of the Dungeon)
 q - a +0 pair of gloves (worn)
   (You found it on level 2 of the Dungeon)
Scrolls
 d - a scroll of teleportation {@r4}
 e - a scroll of enchant armour
 g - a scroll of fog
 r - 2 scrolls of poison {!r}
Potions
 i - 2 potions of curing {@q1}
 k - a potion of attraction {!q}
 n - a potion of mutation {unknown}
 o - a potion of brilliance {unknown}

Dungeon Overview and Level Annotations

Branches:
Dungeon (2/15)

Altars:

Annotations:
D:2 Terence

#.# #......# ##...# ##>#
#......# ##.## #..# #......#
#.# #.## #......#####.# #.#
#......#.....#
#.#####......#.§§§§#
#.##.......###§§§§§#
#.##.##......§§§Sg§#
#.......#####§@§g§§#
#..#.##.#####g##§###
#..#....g......§§#
#..####....##.################
###).......#.##.#
#............#
...#............#
#.####..###..#
...#########.####
#........##..## ...# #...#
#.##........... ...# #...#
#....>...##..##


You could see 3 gnolls and a ball python.


Message History

You barely miss the gnoll. The gnoll hits you but does no damage.
You closely miss the gnoll. The gnoll closely misses you.
You hit the gnoll.
You kill the gnoll!
Lugonu accepts your kill.
A gnoll comes into view. It is wielding a +0 flail.
The gnoll shouts!
The ball python hisses angrily.
You hear a shout! x2
A gnoll comes into view. It is wielding a +0 flail.
A gnoll comes into view. It is wielding a +0 halberd.
Things that are here:
a +0 club; a gnoll corpse The gnoll throws a throwing net.
The throwing net hits you.
You become entangled in the net!
You see here a throwing net {=f!f}.
You struggle against the net.
You struggle against the net.
You struggle against the net.
You rip the net and break free!
The gnoll hits you with a +0 flail.
* * * LOW HITPOINT WARNING * * *
The gnoll barely misses you. 😨 HP[-6]
You take 6 damage, and now have 11/22 hp.
MASSIVE DAMAGE!! (PAUSE)
The gnoll attacks as you move away!
The gnoll hits you but does no damage. 😮 HP[+1] MP[+1]
Your mp is fully restored (7).
Okay, then.
The gnoll attacks as you move away! The gnoll closely misses you.
The gnoll attacks as you move away! The gnoll barely misses you.
The gnoll attacks as you move away! The gnoll completely misses you.
The gnoll attacks as you move away! The gnoll barely misses you.
The gnoll attacks as you move away! The gnoll hits you with a +0 flail!
* * * LOW HITPOINT WARNING * * *
😱 HP[-7]
You take 7 damage, and now have 5/22 hp.
MASSIVE DAMAGE!! (PAUSE) Space bends violently around you!
You blink. 😱 HP[-2] MP[-1]
You take 2 damage, and now have 3/22 hp.
You lost 1 mp, and now have 6/7 mp.
Unknown command.
Unknown command.
Space bends violently around you!
You blink.
The gnoll misses you. 😱 HP[-2] MP[-1]
You take 2 damage, and now have 1/22 hp.
You lost 1 mp, and now have 5/7 mp.
Unknown command.
Unknown command.
Okay, then.
You feel better.
The gnoll hits you but does no damage. 😨 HP[+5]
You regained 5 hp, and now have 6/22 hp.
Space bends violently around you!
You blink.
The gnoll blinks! 😱 HP[-1] MP[-1]
You take 1 damage, and now have 5/22 hp.
You lost 1 mp, and now have 4/7 mp.
Unknown command.
As you read the scroll labelled COB UHEWETATA, it crumbles to dust.
The scroll dissolves into smoke.
It was a scroll of fog.
The air fills with toxic fumes!
As you read the scroll labelled FELEAXZEGEO, it crumbles to dust.
It was a scroll of poison.
The ball python bites you but does no damage.
The ball python barely misses you. x3
The gnoll attacks as you move away! The gnoll barely misses you.
The ball python bites you.
* * * LOW HITPOINT WARNING * * *
The ball python grabs you.
The ball python constricts you. 😱 HP[-1]
You take 1 damage, and now have 4/22 hp.
You fail to use your ability.
The ball python closely misses you. The ball python constricts you.
The gnoll hits you with a +0 flail.
* * * LOW HITPOINT WARNING * * *
The gnoll hits you with a +0 flail.
* * * LOW HITPOINT WARNING * * *
The gnoll closely misses you. 😱 HP[-2]
You take 2 damage, and now have 2/22 hp.
Unknown command.
Unknown command.
You feel better.
The ball python bites you but does no damage.
The ball python constricts you. The gnoll hits you with a +0 flail.
* * * LOW HITPOINT WARNING * * *
The gnoll hits you but does no damage. The gnoll closely misses you. 😱 HP[+2]
You regained 2 hp, and now have 4/22 hp.
Space bends violently around you!
You escape the ball python's grasp.
You blink.
The gnoll blinks!
You are engulfed in poison gas.
You are lethally poisoned!
You die...

Skill      XL: |  1  2  3 |
---------------+----------+-----
Armour         | 1 |  1.0
Long Blades    | 2 |  2.1
Spellcasting   | 1 |  1.4
Dodging        | 3 |  3.0
Fighting       | |  2.7
Invocations    | |  2.4

Action                   || total
-------------------------++-------
Melee: Falchion          ||   102
Invok: Bend Space        ||     6
  Use: Scroll            ||     6
       Potion            ||     2
 Stab: Sleeping          ||     1
Armor: Leather armour    ||    21
       Ring mail         ||    20
Dodge: Dodged            ||    79

Levels and vault maps discovered:
D:1:      dpeg_arrival_court, layout_rooms
D:2:      layout_loops_cross, shapermc_ecumenical_altar_pompeii, uniq_terence

Notes
Turn   | Place    | Note
-------+----------+-------------------------------------------
     0 | Abyss:1  | spiderkeys the Deep Elf Abyssal Knight began the quest for
                  | the Orb.
     0 | Abyss:1  | Reached XP level 1. HP: 13/13 MP: 4/4
     0 | Abyss:1  | magus.rc [v1.11.3]
    16 | Abyss:1  | Found a corrupted altar of Lugonu.
    55 | Abyss:1  | Found a corrupted altar of Lugonu.
    69 | D:1      | You pass through the gate.
    69 | D:1      | Escaped the Abyss
   274 | D:1      | You add the spells Ozocubu's Armour and Ozocubu's
                  | Refrigeration to your library.
   358 | D:1      | Reached skill level 1 in Armour
   358 | D:1      | Reached XP level 2. HP: 17/18 MP: 5/5
   506 | D:1      | Reached skill level 2 in Long Blades
   550 | D:1      | You pick up a book of Minor Magic and begin reading...
   550 | D:1      | You add the spells Magic Dart, Call Imp and Mephitic Cloud
                  | to your library.
   557 | D:1      | Learned a level 1 spell: Magic Dart
   780 | D:2      | Reached skill level 1 in Spellcasting
   889 | D:2      | Reached XP level 3. HP: 17/22 MP: 6/6
  1101 | D:2      | Noticed Terence
  1123 | D:2      | HP: 5/22 [Terence/+0 hand axe (3)]
  1478 | D:2      | Reached skill level 3 in Dodging
  1565 | D:2      | HP: 5/22 [gnoll/+0 flail (7)]
  1572 | D:2      | HP: 4/22 [ball python (1)]
  1575 | D:2      | Engulfed by a cloud of poison gas

Vanquished Creatures
  A gnoll (D:2)
  A worm (D:2)
  3 dart slugs
  2 bats (D:2)
  An endoplasm (D:2)
  4 giant cockroaches (D:1)
  2 goblins (D:1)
  2 quokkas
  A ball python (D:1)
  5 frilled lizards
  2 kobolds (D:1)
  2 rats (D:2)
26 creatures vanquished.

Table legend:
 A = Non-vault XP
 B = Vault XP
 C = Vault XP percentage of total XP
 D = Non-vault monster count
 E = Vault monster count
 F = Vault count percentage of total count
                 A         B        C        D         E       F
            +---------+---------+-------+---------+---------+-------
      Total |      63 |       0 |   0.0 |      26 |       0 |   0.0
            +---------+---------+-------+---------+---------+-------
        D:1 |      27 |       0 |   0.0 |      14 |       0 |   0.0
        D:2 |      36 |       0 |   0.0 |      12 |       0 |   0.0
            +---------+---------+-------+---------+---------+-------

Illustrated notes

Table legend:
 A = Kills in this place as a percentage of kills in entire the game.
 B = Kills by you in this place as a percentage of kills by you in the entire game.
 C = Kills by friends in this place as a percentage of kills by friends in the entire game.
 D = Other kills in this place as a percentage of other kills in the entire game.
 E = Experience gained in this place as a percentage of experience gained in the entire game.
 F = Experience gained in this place divided by the number of levels of this place that you have seen.
                   A       B       C       D       E      F
               +-------+-------+-------+-------+-------+----------------------
         Total | 100.0 | 100.0 |   N/A |   N/A | 100.0 |  21.0
       Dungeon | 100.0 | 100.0 |   N/A |   N/A | 100.0 |  31.5
               +-------+-------+-------+-------+-------+----------------------

Table legend: (Time is in decaauts)
 A = Elapsed time spent in this place.
 B = Non-inter-level travel time spent in this place.
 C = Inter-level travel time spent in this place.
 D = Time resting spent in this place.
 E = Time spent auto-exploring this place.
 F = Levels seen in this place.
 G = Mean time per level.
                   A        B        C        D        E       F      G
               +--------+--------+--------+--------+--------+-----+--------+
         Total |   1594 |   1566 |     28 |    453 |    731 |   3 |  531.3 |
       Dungeon |   1525 |   1497 |     28 |    453 |    731 |   2 |  762.5 |
         Abyss |     69 |     69 |      0 |      0 |      0 |   1 |   69.0 |
               +--------+--------+--------+--------+--------+-----+--------+

Top non-repeatable levels by time:
     D:1: 982 daAuts
     D:2: 542 daAuts
 Abyss:1: 69 daAuts
